AoeStats
← ur dads dad

Pilgrims

509968201Analyzed
4v4 RM · 3d ago on Sep 28, 2026· 71m 41s· 8 players
Game mode
Random Map
Map size
Large (8 player)
Population
200
Speed
Normal
Resources
Standard
Victory
Conquest
Starting age
Dark Age
Ending age
Imperial Age
RankedLock teamsTeams togetherTeam positionsShared explorationLock speedFull tech treeHidden civsTurbo modeCheats
Victory
Defeat
🇨🇱 Mongols · Chile
1173
+14
🇺🇸 Berbers · United States
1135
+16
🇨🇴 Italians · Colombia
1108
+17
🇮🇳 Byzantines · India
1107
+16
🇩🇪 Vietnamese · Germany
1136
-16
🇵🇪 Georgians · Peru
1136
-16
🇨🇾 Spanish · Cyprus
1126
-16
🇫🇷 Varangians · France
1098
-15
Panzarx
4:08 Loom
11:56 Feudal Age
13:01 Double-Bit Axe
12:57 Horse Collar
15:31 Fletching
17:02 Wheelbarrow
21:39 Castle Age
19:50 Gold Mining
20:13 Padded Archer Armor
21:42 Crossbowman
22:31 Thumb Ring
23:34 Leather Archer Armor
25:17 Bodkin Arrow
25:51 Ballistics
26:56 Bow Saw
27:49 Heavy Plow
35:56 Imperial Age
33:13 Town Watch
34:28 Hand Cart
33:50 Elite Skirmisher
35:02 Murder Holes
36:00 Stone Mining
37:00 Paper Money
37:43 Chemistry
36:20 Imperial Skirmisher
36:46 Arbalester
37:50 Bracer
38:54 Ring Archer Armor
39:20 Treadmill Crane
39:50 Masonry
40:42 Two-Man Saw
44:08 Crop Rotation
52:43 Hoardings
57:16 Chatras
57:32 Scale Barding Armor
57:38 Forging
58:30 Stone Shaft Mining
58:35 Bloodlines
58:25 Husbandry
59:47 Chain Barding Armor
60:02 Iron Casting
59:26 Elite Battle Elephant
61:25 Plate Barding Armor
60:22 Light Cavalry
64:30 Capped Ram
68:56 Siege Engineers
gombert.alexandre
4:46 Loom
12:56 Feudal Age
13:21 Double-Bit Axe
13:31 Fishing Lines
13:48 Gold Mining
19:33 Castle Age
19:13 Fletching
20:26 Medium Warships
20:26 Bodkin Arrow
21:59 Bow Saw
24:50 Gillnets
34:07 Wheelbarrow
34:39 Horse Collar
38:46 Imperial Age
38:25 Hand Cart
37:34 Vendel Legacy
38:29 Forging
39:32 Scale Barding Armor
39:42 Cavalier
41:11 Chain Barding Armor
41:06 Bloodlines
40:57 Husbandry
41:30 Conscription
43:06 Iron Casting
43:52 Two-Man Saw
43:16 Light Cavalry
45:01 Plate Barding Armor
45:54 Blast Furnace
45:38 Hussar
50:57 Heavy Warships
50:40 Heavy Plow
JonnyD
13:42 Feudal Age
20:08 Castle Age
18:55 Fletching
20:03 Scale Barding Armor
20:18 Bloodlines
20:29 Elite Skirmisher
20:59 Loom
28:42 Bodkin Arrow
29:42 Chain Barding Armor
35:17 Imperial Age
33:56 Horse Collar
34:52 Wheelbarrow
34:03 Town Watch
34:34 Forging
34:27 Husbandry
35:18 Ballistics
35:40 Gold Mining
37:47 Bracer
39:49 Stone Mining
40:56 Imperial Skirmisher
42:24 Padded Archer Armor
44:20 Leather Archer Armor
44:20 Cavalier
50:39 Double-Bit Axe
54:07 Light Cavalry
60:53 Scale Mail Armor
62:43 Chemistry
62:54 Elite Cannon Galleon
63:57 Masonry
68:05 Careening
68:19 Clinker Construction
BS | DESTRAKER
4:54 Loom
11:11 Feudal Age
13:30 Double-Bit Axe
15:17 Gold Mining
19:48 Castle Age
18:30 Bloodlines
18:46 Stone Mining
19:28 Fletching
19:22 Horse Collar
21:37 Bow Saw
22:38 Forging
25:17 Svan Towers
27:00 Heavy Plow
29:57 Iron Casting
29:27 Scale Barding Armor
30:49 Wheelbarrow
33:09 Hand Cart
37:17 Imperial Age
35:32 Chain Barding Armor
36:32 Husbandry
38:11 Masonry
39:35 Blast Furnace
39:10 Plate Barding Armor
39:27 Crop Rotation
38:51 Elite Monaspa
40:49 Aznauri Cavalry
41:54 Bodkin Arrow
42:07 Treadmill Crane
42:58 Architecture
42:25 Murder Holes
43:21 Hoardings
42:18 Elite Skirmisher
44:20 Ballistics
44:14 Imperial Skirmisher
44:30 Light Cavalry
45:28 Imperial Skirmisher
48:58 Guard Tower
48:54 Arrowslits
52:44 Caravan
52:56 Guilds
53:18 Coinage
67:16 Keep
Cookie Monster
12:45 Feudal Age
13:24 Fishing Lines
14:13 Double-Bit Axe
15:30 Gold Mining
18:57 Wheelbarrow
21:31 Castle Age
20:24 Stone Mining
21:42 Demolition Ship
22:36 Medium Warships
23:00 Hand Cart
23:47 Bow Saw
24:13 Stone Shaft Mining
25:30 Clinker Construction
25:31 Careening
30:25 Gillnets
35:44 Imperial Age
34:26 Fletching
34:37 Padded Archer Armor
35:00 Ballistics
35:02 Bodkin Arrow
36:30 Leather Archer Armor
37:11 Conscription
36:26 Elite Genoese Crossbowman
39:51 Chemistry
39:10 Bracer
39:49 Ring Archer Armor
46:38 Two-Man Saw
45:26 Light Cavalry
46:16 Bloodlines
46:37 Forging
46:33 Scale Barding Armor
46:30 Hussar
47:19 Husbandry
47:55 Iron Casting
48:47 Chain Barding Armor
51:23 Horse Collar
55:14 Plate Barding Armor
56:39 Blast Furnace
ur dads dad
4:07 Loom
12:59 Feudal Age
13:41 Double-Bit Axe
16:43 Stone Mining
18:59 Wheelbarrow
18:20 Fletching
23:29 Castle Age
21:58 Gold Mining
21:56 Horse Collar
24:18 Bodkin Arrow
25:29 Bow Saw
25:22 Heavy Plow
28:38 Gold Shaft Mining
30:43 Ballistics
30:50 Padded Archer Armor
35:37 Hand Cart
41:22 Imperial Age
43:49 Stone Shaft Mining
45:42 Bracer
45:57 Leather Archer Armor
46:14 Elite Skirmisher
59:38 Crop Rotation
61:24 Forging
61:20 Scale Barding Armor
61:46 Ring Archer Armor
61:07 Pikeman
61:48 Squires
62:26 Light Cavalry
63:17 Scale Mail Armor
64:00 Bloodlines
63:54 Husbandry
64:55 Conscription
65:27 Iron Casting
66:09 Heavy Camel Rider
67:56 Blast Furnace
67:16 Chain Barding Armor
67:36 Maghrebi Camels
70:14 Plate Barding Armor
69:03 Hussar
fat_dgk
9:52 Loom
11:58 Feudal Age
16:20 Castle Age
14:41 Double-Bit Axe
16:03 Fletching
17:04 Bodkin Arrow
20:05 Town Watch
26:49 Wheelbarrow
27:24 Padded Archer Armor
30:26 Leather Archer Armor
30:53 Ballistics
31:26 Bloodlines
37:13 Imperial Age
36:21 Husbandry
37:19 Thumb Ring
37:24 Nomads
37:58 Bracer
38:42 Parthian Tactics
39:21 Chemistry
38:28 Fishing Lines
40:16 Elite Mangudai
42:16 Conscription
42:18 Drill
41:56 Capped Ram
43:09 Siege Ram
44:42 Hoardings
44:48 Onager
50:22 Siege Onager
55:08 Siege Engineers
65:20 Light Cavalry
66:07 Scale Barding Armor
66:12 Forging
69:46 Chain Barding Armor
AztecKiller2427
3:52 Loom
10:49 Feudal Age
11:24 Double-Bit Axe
14:54 Fishing Lines
18:25 Castle Age
17:46 Horse Collar
19:24 Bow Saw
19:26 Medium Warships
20:13 Gillnets
21:23 Clinker Construction
21:19 Siphons
21:28 Heavy Plow
23:39 Careening
27:01 Imperial Age
24:34 Gold Mining
24:36 Stone Mining
24:48 Heavy Plow
28:16 Heavy Warships
31:10 Padded Archer Armor
33:23 Chemistry
32:49 Carvel Hull
34:40 Wheelbarrow
35:03 Leather Archer Armor
38:19 Hand Cart
44:52 Ring Archer Armor
44:41 Elite Genitour
45:12 Fletching
48:39 Pikeman
49:19 Squires
49:17 Bodkin Arrow
49:32 Forging
49:23 Scale Mail Armor
49:21 Halberdier
52:51 Bracer
53:27 Iron Casting
60:27 Greek Fire
70:54 Elite Varangian Guard
Connection lost

Rejoining the realm…

Still unreachable

The connection could not be restored.

Session expired

The server has moved on; the page needs a fresh start.